 Dungeon Crawl Stone Soup version 0.31-a0-187-gba352fbbf7 (webtiles) character file.

Game seed: 15758415900332636855

469 qw the Skirmisher (level 6, -5/36 HPs)
             Began as a Deep Elf Hunter on June 22, 2023.
             Slain by Pikel
             ... wielding a +2 whip of flaming
              (8 damage)
             ... on level 5 of the Dungeon.
             The game lasted 00:01:17 (3554 turns).

qw the Skirmisher (Deep Elf Hunter)                 Turns: 3554, Time: 00:01:17

Health: -5/36      AC:  9    Str: 10    XL:     6   Next: 82%
Magic:  8/8        EV: 16    Int: 14    God:
Gold:   230        SH:  0    Dex: 18    Spells: 5/5 levels left

rFire   . . .        Y - +0 shortbow
rCold   . . .        (shield currently unavailable)
rNeg    . . .        h - +2 ring mail
rPois   .            j - +2 hat
rElec   .            (no cloak)
rCorr   .            (no gloves)
SInv    +            (no boots)
Will    .....        (no amulet)
Stlth   +            g - ring of see invisible
HPRegen 0.26/turn    e - +5 ring of evasion
MPRegen 0.11/turn

%: no passive effects
@: about to teleport
A: no striking features
a: no special abilities


You were on level 5 of the Dungeon.
You visited 1 branch of the dungeon, and saw 5 of its levels.

You collected 230 gold pieces.


   Skills:
 - Level 2.8 Fighting
 - Level 10.1 Ranged Weapons
 + Level 2.5 Dodging
 - Level 1.2 Stealth


You had 5 spell levels left.
You didn't know any spells.
Your spell library was empty.

Inventory:

Hand Weapons
 Y - a +0 shortbow (weapon)
Armour
 h - a +2 ring mail (worn)
 j - a +2 hat (worn)
Jewellery
 e - a +5 ring of evasion (right hand)
 g - a ring of see invisible (left hand)
Scrolls
 b - a scroll of identify
 d - a scroll of teleportation
 m - a scroll of brand weapon {unknown}
Potions
 a - a potion of might {unknown}
 c - a potion of lignification {unknown}
 f - 2 potions of attraction {unknown}
 i - a potion of enlightenment {unknown}
 k - a potion of cancellation {unknown}
 l - a potion of haste {unknown}
 n - 2 potions of heal wounds {unknown}

Dungeon Overview and Level Annotations

Branches:
Dungeon (5/15)
 Temple: D:4-7

Altars:
Nemelex Xobeh
Wu Jian
The Shining One

Annotations:
D:4 2 transporters, qw's ghost, novice GrFi
D:5 Pikel


Message History

The lemure is severely wounded.
The orc hits you but does no damage. The lemure hits you but does no damage.
You shoot an arrow. The arrow hits the lemure.
The lemure is almost dead.
The orc hits you but does no damage.
You shoot an arrow.
The arrow hits Pikel but does no damage.
The orc barely misses you.
You shoot an arrow.
The arrow hits Pikel but does no damage.
The orc misses you.
Pikel hits you with a +2 whip of flaming!
Pikel burns you.
You shoot an arrow. The arrow hits Pikel.
Pikel is lightly wounded.
The orc hits you but does no damage.
Pikel hits you with a +2 whip of flaming.
Pikel burns you.
You shoot an arrow. The arrow barely misses Pikel.
The orc barely misses you.
Pikel says, "You'll feel the lick of my whip!"
Pikel hits you with a +2 whip of flaming.
Pikel burns you.
You shoot an arrow.
The arrow hits Pikel but does no damage.
Pikel is lightly wounded.
The orc misses you. Pikel completely misses you.
You shoot an arrow. The arrow hits Pikel.
Pikel is lightly wounded.
The orc barely misses you.
Pikel zaps a wand.
The puff of flame hits you!
3553 ||| READING 2 scrolls of teleportation.
As you read the scroll of teleportation, it crumbles to dust.
You feel strangely unstable. The orc closely misses you.
Pikel zaps a wand.
The puff of flame hits you.
You shoot an arrow.
The arrow hits Pikel but does no damage.
Pikel is lightly wounded.
The orc closely misses you.
Pikel hits you with a +2 whip of flaming!
You die...

#.)...# #####.#
.. #.# #. #.# #5
#.# #5 #.#######
#5 #.......#
#.##K#########.#
#...o@...# #.#
#####.##.#####.#
....#.......#
##############


You could see Pikel, 3 lemures and an orc.

Vanquished Creatures
  An ogre (D:5)
  A black bear (D:4)
  A centaur (D:5)
  A scorpion (D:4)
  A hound (D:4)
  An iguana (D:4)
  An adder (D:4)
  A white imp (D:4)
  A worm (D:2)
  3 dart slugs
  5 orcs
  8 ball pythons
  5 endoplasms
  4 giant cockroaches
  9 hobgoblins
  12 jackals
  2 quokkas (D:2)
  5 bats
  A frilled lizard (D:1)
  5 goblins
  9 kobolds
  3 rats (D:1)
80 creatures vanquished.

Notes
Turn   | Place    | Note
-------+----------+-------------------------------------------
     0 | D:1      | qw the Deep Elf Hunter began the quest for the Orb.
     0 | D:1      | Reached XP level 1. HP: 12/12 MP: 3/3
     0 | D:1      | 0 ||| qw: Version: 0.3-a-9-g12657ce
     0 | D:1      | 0 ||| qw: Game counter: 2447
     0 | D:1      | 0 ||| qw: Always use a shield: true
     0 | D:1      | 0 ||| qw: God list: Okawaru
     0 | D:1      | 0 ||| qw: Allow faded altars: false
     0 | D:1      | 0 ||| qw: Do Orc after D:15 true
     0 | D:1      | 0 ||| qw: Do second Lair branch before Depths: true
     0 | D:1      | 0 ||| qw: Lair rune preference: random
     0 | D:1      | 0 ||| qw: Plans: Normal
     0 | D:1      | 0 ||| PLANNING D:1-11
   146 | D:1      | 146 ||| FLEEEEING.
   147 | D:1      | 147 ||| FLEEEEING.
   148 | D:1      | 148 ||| FLEEEEING.
   149 | D:1      | 149 ||| FLEEEEING.
   150 | D:1      | 150 ||| FLEEEEING.
   151 | D:1      | 151 ||| FLEEEEING.
   152 | D:1      | 152 ||| FLEEEEING.
   153 | D:1      | 153 ||| FLEEEEING.
   154 | D:1      | 154 ||| FLEEEEING.
   155 | D:1      | 155 ||| FLEEEEING.
   156 | D:1      | 156 ||| FLEEEEING.
   157 | D:1      | 157 ||| FLEEEEING.
   261 | D:1      | Reached XP level 2. HP: 16/16 MP: 4/4
   312 | D:1      | Reached skill level 6 in Ranged Weapons
   881 | D:1      | 881 ||| UPGRADING to ring of see invisible.
   882 | D:1      | 882 ||| READING scroll labelled ECKOVAU IGUYMN.
   883 | D:1      | 883 ||| READING scroll labelled XEJAS ZAXZISMI.
   884 | D:1      | 884 ||| READING scroll labelled LATAIGEIJU.
   887 | D:1      | 887 ||| READING scroll labelled GYWNEF XIWNEBB.
   888 | D:1      | 888 ||| DROPPING scroll of butterflies.
  1281 | D:2      | Reached XP level 3. HP: 20/20 MP: 5/5
  1624 | D:2      | 1624 ||| UPGRADING to +0 ring mail.
  1634 | D:2      | 1634 ||| DROPPING +0 leather armour.
  1635 | D:2      | 1635 ||| UPGRADING to +5 ring of evasion.
  1636 | D:2      | 1636 ||| READING scroll labelled FIFUUZXAIST.
  1637 | D:2      | 1637 ||| READING 2 scrolls of identify.
  1637 | D:2      | 1637 ||| IDENTIFYING puce potion
  1638 | D:2      | 1638 ||| DROPPING potion of brilliance.
  1678 | D:3      | Found a glowing golden altar of the Shining One.
  1754 | D:3      | Reached skill level 7 in Ranged Weapons
  1783 | D:3      | Found a sparkling altar of Nemelex Xobeh.
  1820 | D:3      | Found an ornate altar of the Wu Jian Council.
  2132 | D:3      | 2132 ||| UPGRADING to +2 hat.
  2137 | D:3      | 2137 ||| READING scroll labelled LIGHOH UCVIG.
  2138 | D:3      | 2138 ||| DRINKING 2 orange potions.
  2139 | D:3      | 2139 ||| DROPPING potion of degeneration.
  2213 | D:4      | Noticed a scorpion
  2224 | D:4      | Killed a scorpion
  2225 | D:4      | Reached skill level 8 in Ranged Weapons
  2225 | D:4      | Reached XP level 4. HP: 25/25 MP: 6/6
  2316 | D:4      | Reached XP level 5. HP: 25/29 MP: 7/7
  2390 | D:4      | 2390 ||| READING scroll of enchant armour.
  2390 | D:4      | 2390 ||| ENCHANTING +0 ring mail.
  2437 | D:4      | Found a transporter.
  2567 | D:4      | Reached skill level 9 in Ranged Weapons
  2724 | D:4      | 2724 ||| READING scroll of enchant armour.
  2724 | D:4      | 2724 ||| ENCHANTING +1 ring mail.
  3067 | D:4      | Found a transporter.
  3070 | D:4      | Noticed qw's ghost (novice GrFi)
  3070 | D:4      | Identified the +2 great mace of the Interlopers {antimagic,
                  | rCorr Int+2}
  3070 | D:4      | Noticed an ogre
  3071 | D:4      | Noticed an ogre
  3186 | D:4      | Noticed a black bear
  3194 | D:4      | Killed a black bear
  3195 | D:4      | Reached XP level 6. HP: 36/36 MP: 8/8
  3240 | D:4      | 3240 ||| READING scroll labelled WERCHU POUK.
  3264 | D:5      | Entered Level 5 of the Dungeon
  3433 | D:5      | Reached skill level 10 in Ranged Weapons
  3537 | D:5      | Noticed Pikel
  3552 | D:5      | HP: 4/36 [Pikel/puff of flame (10)]
  3553 | D:5      | 3553 ||| READING 2 scrolls of teleportation.
  3554 | D:5      | Slain by Pikel

Levels and vault maps discovered:
D:1:      roderic_dead_forest, layout_basic
D:2:      layout_loops_ring, serial_forest, infiniplex_forest_straight_5,
          infiniplex_forest_end_3, infiniplex_forest_lined_2,
          infiniplex_forest_straight_1, infiniplex_forest_clump_double,
          infiniplex_forest_lined_4_way, minmay_crystal_water
D:3:      layout_rooms, pf_just_have_faith, mainiacjoe_overflow_catch_the_wave,
          minmay_between
D:4:      layout_layer_cave, gammafunk_ghost_smash
D:5:      layout_basic, uniq_pikel

Skill      XL: |  1  2  3  4  5  6 |
---------------+-------------------+-----
Ranged Weapons | 6 8 9 10 | 10.1
Fighting       | 2 |  2.8
Dodging        | |  2.5
Stealth        | |  1.2

Action                     |  1- 3 |  4- 6 || total
---------------------------+-------+-------++-------
   Fire: Shortbow          |   150 |   122 ||   272
    Use: Scroll            |     7 |     4 ||    11
         Potion            |     1 |       ||     1
 Armour: Leather armour    |     3 |       ||     3
         Ring mail         |     6 |    20 ||    26
  Dodge: Dodged            |    40 |    72 ||   112

Table legend:
 A = Non-vault XP
 B = Vault XP
 C = Vault XP percentage of total XP
 D = Non-vault monster count
 E = Vault monster count
 F = Vault count percentage of total count
                 A         B        C        D         E       F
            +---------+---------+-------+---------+---------+-------
      Total |     666 |       5 |   0.7 |      76 |       4 |   5.0
            +---------+---------+-------+---------+---------+-------
        D:1 |      25 |       0 |   0.0 |      16 |       0 |   0.0
        D:2 |      26 |       0 |   0.0 |      13 |       0 |   0.0
        D:3 |      34 |       5 |  12.8 |      17 |       4 |  19.0
        D:4 |     342 |       0 |   0.0 |      26 |       0 |   0.0
        D:5 |     239 |       0 |   0.0 |       4 |       0 |   0.0
            +---------+---------+-------+---------+---------+-------
